 Dungeon Crawl Stone Soup version 0.28-a0-384-g9e0c098162 (webtiles) character file.

Game seed: 11179981871977201026

17 flotson the Sneak (level 2, -1/24 HPs)
             Began as a Merfolk Delver on Sept 2, 2021.
             Slain by a lemure (6 damage)
             ... led by Pikel
             ... on level 5 of the Dungeon.
             The game lasted 00:00:54 (439 turns).

flotson the Sneak (Merfolk Delver)                   Turns: 439, Time: 00:00:55

Health: -1/24      AC:  3    Str: 12    XL:     2   Next: 62%
Magic:  2/2        EV: 12    Int:  9    God:
Gold:   18         SH:  0    Dex: 15    Spells: 1/1 levels left

rFire   . . .      SeeInvis .   h - +2 quarterstaff (vorpal)
rCold   . . .      Faith    .   (shield currently unavailable)
rNeg    . . .      Spirit   .   b - +0 leather armour
rPois   .          Reflect  .   (no helmet)
rElec   .          Harm     .   (no cloak)
rCorr   .          Rampage  .   (no gloves)
Will    .....                   (no boots)
Stlth   +++.......              (no amulet)
HPRegen 0.08/turn               (no ring)
MPRegen 0.08/turn               (no ring)

@: hasted, very quick
A: (nimble swimmer 2), mertail
a: no special abilities


You were on level 5 of the Dungeon.
You visited 1 branch of the dungeon, and saw 2 of its levels.

You collected 18 gold pieces.

Inventory:

Hand Weapons
 a - a +0 spear
 h - a +2 vorpal quarterstaff (weapon)
Armour
 b - a +0 leather armour (worn)
Wands
 g - a wand of digging (3)
Scrolls
 c - a scroll of fog
 d - a scroll of magic mapping
 e - a scroll of fear
 i - a scroll of identify {unknown}


   Skills:
 + Level 3.5 Fighting
 + Level 3.4 Polearms
 + Level 0.5 Armour
 + Level 3.1 Dodging
 - Level 5.4 Stealth


You had one spell level left.
You didn't know any spells.
Your spell library was empty.

Dungeon Overview and Level Annotations

Branches:
Dungeon (5/15)
 Temple: D:4-7

Altars:

Annotations:
D:4 Eustachio


Innate Abilities, Weirdness & Mutations

((You are quick and stealthy near water. (Stealth+, EV+, Speed+++)))
Your lower body shifts to a powerful aquatic tail in water.


Message History

A lemure comes into view.
You hear a shout!
A lemure comes into view.
The kobold hits you but does no damage.
You sock the kobold!
You kill the kobold!
You closely miss the lemure. The lemure hits you but does no damage.
You sock the lemure!
The lemure is moderately wounded.
The lemure closely misses you. x2
You hit the lemure.
The lemure is heavily wounded.
The lemure hits you. The lemure misses you. The lemure completely misses you.
You closely miss the lemure.
The lemure is heavily wounded.
The lemure barely misses you. The lemure hits you but does no damage.
The lemure closely misses you.
You hit the lemure but do no damage.
The lemure is heavily wounded.
The lemure misses you. The lemure hits you!
You closely miss the lemure.
The lemure is heavily wounded.
The lemure hits you! The lemure misses you. The lemure hits you.
* * * LOW HITPOINT WARNING * * *
You are too injured to fight recklessly!
You are too injured to fight recklessly!
You are too injured to fight recklessly!
You are too injured to fight recklessly!
You can't see any enemies this would affect, really read the scroll of fear? [Y]es or [N]o only, please.
You can't see any enemies this would affect, really read the scroll of fear?
Okay, then.
There are monsters nearby!
You see here a scroll labelled ZOYPEORONK.
There is a stone staircase leading down here.
You climb downwards.
There is a stone staircase leading up here.
Unknown command.
You feel yourself speed up. The lemure hits you.
You die...

...#. ..# .
#.#.##.# #.
#......####
##.####...>...#
.........####.###
#.......##......
#..........# #
##......####.#
#....@5.....#
#.######.#### ...
##.## ## #...#
#...####### .
#.........# ..
####...#####.# h.
#...........#.##.#
.[...............#


You could see a lemure.

Vanquished Creatures
  A hound skeleton (D:4)
  An orc (D:4)
  A giant cockroach (D:4)
  A ball python (D:4)
  A kobold (D:4)
5 creatures vanquished.

Notes
Turn   | Place    | Note
-------+----------+-------------------------------------------
     0 | D:5      | flotson the Merfolk Delver began the quest for the Orb.
     0 | D:5      | Reached XP level 1. HP: 18/18 MP: 1/1
    21 | D:5      | Noticed a hound
   183 | D:4      | Reached XP level 2. HP: 14/24 MP: 2/2
   336 | D:4      | Noticed Eustachio
   406 | D:4      | Noticed a lemure
   407 | D:4      | Noticed a lemure
   439 | D:5      | Slain by a lemure

Illustrated notes

Levels and vault maps discovered:
D:4:      layout_basic, grunt_temple_overflow_open, temple_green,
          chequers_avenue, kennysheep_generic_room_6, uniq_robin,
          uniq_eustachio, uniq_edmund, uniq_pikel
D:5:      layout_loops_cross

Skill      XL: |  1 |
---------------+----+-----
Dodging        | 3 |  3.1
Fighting       | |  3.5
Polearms       | |  3.4
Armour         | |  0.5
Stealth        | |  5.4

Action                   || total
-------------------------++-------
Melee: Quarterstaff      ||    15
  Use: Potion            ||     1
Armor: Leather armour    ||     5
Dodge: Dodged            ||    12

Table legend: (Time is in decaauts)
 A = Elapsed time spent in this place.
 B = Non-inter-level travel time spent in this place.
 C = Inter-level travel time spent in this place.
 D = Time resting spent in this place.
 E = Time spent auto-exploring this place.
 F = Levels seen in this place.
 G = Mean time per level.
                   A        B        C        D        E       F      G
               +--------+--------+--------+--------+--------+-----+--------+
         Total |    442 |    429 |     13 |      0 |    307 |   2 |  221.0 |
       Dungeon |    442 |    429 |     13 |      0 |    307 |   2 |  221.0 |
               +--------+--------+--------+--------+--------+-----+--------+

Top non-repeatable levels by time:
     D:4: 404 daAuts
     D:5: 38 daAuts
